 Dungeon Crawl Stone Soup version 0.14-a0-2950-gbe29d66 (webtiles) character file.

549 mahabra the Conjurer (level 6, 0/32 HPs)
             Began as a Deep Elf Conjurer on Mar 4, 2014.
             Slain by an iguana (8 damage)
             ... on Level 4 of the Dungeon.
             The game lasted 00:32:46 (3778 turns).

mahabra the Conjurer (Deep Elf Conjurer)            Turns: 3778, Time: 00:32:47

HP   0/32        AC  2     Str  7      XL: 6   Next: 44%
MP  11/18        EV 13     Int 20      God:
Gold 174         SH  0     Dex 15      Spells:  3 memorised,  5 levels left

rFire  . . .     SeeInvis .     e - +0 dagger (curse)
rCold  . . .     Clarity  .     a - +0 elf robe
rNeg   . . .     Conserve .     (no shield)
rPois  .         rCorr    .     (no helmet)
rElec  .         rRot     .     (no cloak)
SustAb . .       Spirit   .     (no gloves)
rMut   .         Warding  .     (no boots)
Saprov . . .     Stasis   .     (no amulet)
MR     .....                    (no ring)
                                (no ring)

@: not resistant to hostile enchantments, fairly stealthy
A: no striking features
a: no special abilities


You were on level 4 of the Dungeon.
You were not hungry.

You visited 1 branch of the dungeon, and saw 4 of its levels.

You collected 174 gold pieces.

Inventory:

Hand weapons
 e - a cursed +0,+0 dagger (weapon)
 u - a +1,+0 dagger of electrocution
Missiles
 p - 17 darts of dispersal (quivered)
Armour
 a - a +0 elven robe (worn)
Magical devices
 t - a wand of slowing (13)
Comestibles
 b - 4 bread rations
 v - 2 meat rations
Scrolls
 g - 5 scrolls of teleportation
 h - a scroll of enchant weapon I {unknown}
 j - 3 scrolls of remove curse {unknown}
 q - a scroll of identify {unknown}
 r - a scroll of enchant armour {unknown}
 s - a scroll of immolation {unknown}
Jewellery
 n - a cursed -3 ring of dexterity {unknown}
Potions
 d - 2 potions of curing {unknown}
 f - 3 potions of flight {unknown}
 i - a potion of heal wounds {unknown}
 k - 2 potions of magic {unknown}
 l - 2 potions of agility {unknown}
 m - a potion of might {unknown}
Books
 c - a book of Conjurations

   Spells                             Type                      Level
   *Magic Dart                        Conjuration                  1
   *Searing Ray                       Conjuration                  2
   *Dazzling Spray                    Conjuration/Hexes            3
   Fulminant Prism                    Conjuration/Hexes            4
   Iskenderun's Mystic Blast          Conjuration                  4
   Iskenderun's Battlesphere          Conjuration/Charms           5
 o - a book of Ice

   Spells                             Type                      Level
   Freezing Aura                      Charms/Ice                   2
   Ensorcelled Hibernation            Hexes/Ice                    2
   Ozocubu's Refrigeration            Ice                          6
   Bolt of Cold                       Conjuration/Ice              6
   Freezing Cloud                     Conjuration/Ice/Air          6
   Metabolic Englaciation             Hexes/Ice                    5
   Simulacrum                         Ice/Necromancy               6


   Skills:
 + Level 0.2 Fighting
 - Level 2.4 Dodging
 - Level 2.4 Stealth
 - Level 3.0 Spellcasting
 * Level 8.5 Conjurations


You had 5 spell levels left.
You knew the following spells:

 Your Spells              Type           Power        Failure   Level  Hunger
a - Magic Dart            Conj           ####         1%          1    None
b - Searing Ray           Conj           #####.       1%          2    ##.....
c - Dazzling Spray        Conj/Hex       ###.....     10%         3    ###....


Dungeon Overview and Level Annotations

Branches:
Dungeon (4/16)
 Temple: D:4-7

Altars:
Fedhas
Makhleb
Sif Muna


Message History

The iguana is severely wounded.
The iguana closely misses you.
Casting: Magic Dart
Confirm with . or Enter, or press ? or * to list all spells.
Aiming: Magic Dart
Press: ? - help, Shift-Dir - straight line, f/p - iguana
Aim: an iguana (severely wounded)
The magic dart hits the iguana.
The iguana is severely wounded.
The iguana bites you!
* * * LOW HITPOINT WARNING * * *
Casting: Magic Dart
Confirm with . or Enter, or press ? or * to list all spells.
Aiming: Magic Dart
Press: ? - help, Shift-Dir - straight line, f/p - iguana
Aim: an iguana (severely wounded)
The magic dart hits the iguana.
The iguana is almost dead.
The iguana bites you!
You die...

.# #.# .###.# #### ####
.....###### #.. ...#
.##.......# #.##+##.?#
.##.#####.###.#...#..#
.##.#####.....+...+..####
###.##......#.#...#..... .#
#.##.##...#)##l##..#####.##
#.##.##.###...@.............
#.......###)#######.#.##..#
#.........#)##............#
###....#..#.#)........##+##.#
.......#(.#.##........#
.....(................+
.......##.#.##........#
####..#. ... #....<...#
#.###..# #.#####.....


You could see an iguana.

Vanquished Creatures
  An ogre (D:4)
  A crimson imp (D:3)
  An orc priest (D:4)
  Natasha (thrice) (D:3)
  2 orc wizards (D:4)
  5 adders
  A giant mite (D:2)
  A worm (D:2)
  4 giant geckos
  An ooze (D:2)
  2 orcs (D:4)
  2 ball pythons
  6 hobgoblins
  11 jackals
  A quokka (D:2)
  8 bats
  4 giant cockroaches
  5 giant newts
  22 goblins
  7 kobolds
  11 rats
99 creatures vanquished.

Notes
Turn   | Place    | Note
--------------------------------------------------------------
     0 | D:1      | mahabra, the Deep Elf Conjurer, began the quest for the Orb.
     0 | D:1      | Reached XP level 1. HP: 10/10 MP: 5/5
   125 | D:1      | Reached XP level 2. HP: 13/15 MP: 0/8
   200 | D:1      | Learned a level 2 spell: Searing Ray
   432 | D:1      | Reached skill level 5 in Conjurations
  1371 | D:2      | Reached XP level 3. HP: 19/19 MP: 7/10
  1379 | D:2      | Learned a level 3 spell: Dazzling Spray
  1762 | D:2      | Reached skill level 6 in Conjurations
  1974 | D:2      | Reached XP level 4. HP: 24/24 MP: 5/13
  2498 | D:3      | Found a blossoming altar of Fedhas.
  2509 | D:3      | Noticed Natasha
  2516 | D:3      | Killed Natasha
  2616 | D:3      | Found a burning altar of Makhleb.
  2620 | D:3      | Reached skill level 7 in Conjurations
  2620 | D:3      | Reached XP level 5. HP: 28/28 MP: 13/16
  2775 | D:3      | Found a deep blue altar of Sif Muna.
  2780 | D:3      | Noticed Natasha
  2782 | D:3      | Killed Natasha
  3105 | D:3      | Noticed Natasha
  3109 | D:3      | Killed Natasha
  3229 | D:4      | Noticed an ogre
  3236 | D:4      | Killed an ogre
  3236 | D:4      | Reached skill level 8 in Conjurations
  3236 | D:4      | Reached XP level 6. HP: 25/32 MP: 6/18
  3778 | D:4      | Slain by an iguana

Action                   |  1- 3 |  4- 6 || total
-------------------------+-------+-------++-------
Melee: Unarmed           |     2 |       ||     2
       Dagger            |    22 |     1 ||    23
 Cast: Magic Dart        |    88 |    97 ||   185
       Searing Ray       |     6 |     6 ||    12
  Use: Scroll            |     1 |       ||     1
